 Dungeon Crawl Stone Soup version 0.18.1-8-gdd0e5ea (webtiles) character file.

1726 Stormphoenix the Carver (level 8, -9/62 HPs)
             Began as a Deep Dwarf Necromancer on June 10, 2016.
             Was a Believer of Kikubaaqudgha.
             Mangled by an ogre
             ... wielding a +0 giant club
              (21 damage)
             ... on level 6 of the Dungeon.
             The game lasted 00:22:26 (4002 turns).

Stormphoenix the Carver (Deep Dwarf Necromancer)    Turns: 4002, Time: 00:22:27

Health: -9/62      AC:  6    Str: 18    XL:     8   Next: 75%
Magic:  12/12      EV: 11    Int: 16    God:    Kikubaaqudgha [**....]
Gold:   155        SH:  3    Dex: 13    Spells: 3 memorised, 8 levels left

rFire  . . .     SeeInvis .     q - +6 long sword "Yhuta" {venom, rPois rC+ rN+ Str+4}
rCold  + . .     Gourm    .     a - +1 robe
rNeg   + . .     Faith    .     s - +0 buckler
rPois  +         Spirit   .     l - +0 helmet
rElec  .         Dismiss  .     o - +0 cloak
rCorr  .         Reflect  .     (no gloves)
SustAt .         Harm     .     y - +0 pair of boots
MR     +....                    (no amulet)
Stlth  ++........               (no ring)
                                (no ring)

@: non-regenerating, somewhat resistant to hostile enchantments, unstealthy
A: damage resistance, recharge devices, sense surroundings 1, slow regeneration
3
a: Device Recharging, Receive Corpses, Renounce Religion


You were on level 6 of the Dungeon.
You worshipped Kikubaaqudgha.
Kikubaaqudgha was pleased with you.
You were not hungry.

You visited 2 branches of the dungeon, and saw 7 of its levels.
You also visited: Sewer.

You collected 155 gold pieces.

Inventory:

Hand Weapons
 q - the +6 long sword "Yhuta" (weapon) {venom, rPois rC+ rN+ Str+4}
   (You found it on level 4 of the Dungeon)

   It poisons the flesh of those it strikes.
   It affects your strength (+4).
   It protects you from cold.
   It protects you from poison.
   It protects you from negative energy.
Armour
 a - a +1 robe (worn)
 l - a +0 helmet (worn)
 o - a +0 cloak (worn)
 s - a +0 buckler (worn)
 y - a +0 pair of boots (worn)
Wands
 c - a wand of heal wounds (3/9)
Scrolls
 f - 3 scrolls of remove curse
 h - 2 scrolls of magic mapping
 j - 3 scrolls of identify
 k - a scroll of teleportation
 n - 5 scrolls of fear
Potions
 e - 5 potions of curing
 g - 3 potions of invisibility
 m - 4 potions of brilliance
 p - 7 potions of heal wounds
 z - 4 potions of flight
 A - 2 potions of mutation {unknown}
Books
 b - a book of Necromancy

   Spells                             Type                      Level
   a - Pain                           Necromancy                   1
   b - Animate Skeleton               Necromancy                   1
   c - Vampiric Draining              Necromancy                   3
   d - Regeneration                   Charms/Necromancy            3
   e - Animate Dead                   Necromancy                   4
   f - Control Undead                 Necromancy                   4
 u - a book of Party Tricks

   Spells                             Type                      Level
   a - Summon Butterflies             Summoning                    1
   b - Apportation                    Translocation                1
   c - Tukima's Dance                 Hexes                        3
   d - Alistair's Intoxication        Transmutation/Poison         5
   e - Invisibility                   Hexes                        6
 v - Kikubaaqudgha's Grimoire of Dark Magic
   (Kikubaaqudgha gifted it to you in a sewer)

   Spells                             Type                      Level
   a - Pain                           Necromancy                   1
   b - Corpse Rot                     Necromancy                   2
   c - Sublimation of Blood           Necromancy                   2
   d - Vampiric Draining              Necromancy                   3
   e - Control Undead                 Necromancy                   4
Comestibles
 d - 3 bread rations
 i - a slice of pizza
 r - a beef jerky
 t - 8 chunks of flesh
 w - 4 fruits
 x - 2 meat rations


   Skills:
 + Level 9.4 Long Blades
 - Level 2.1 Dodging
 - Level 2.4 Stealth
 - Level 3.3 Spellcasting
 - Level 6.9 Necromancy


You had 8 spell levels left.
You knew the following spells:

 Your Spells              Type           Power        Failure   Level  Hunger
a - Pain                  Necr           ###.         1%          1    None
b - Animate Skeleton      Necr           N/A          1%          1    None
c - Vampiric Draining     Necr           ###.......   8%          3    ###....


Dungeon Overview and Level Annotations

Branches:
Dungeon (6/15)             Temple (1/1) D:4

Altars:
Ashenzari
Cheibriados
Dithmenos
Elyvilon
Fedhas
Gozag
Kikubaaqudgha
Makhleb
Nemelex Xobeh
Okawaru
Pakellas
Qazlal
Ru
Sif Muna
Trog
Vehumet
Xom
Yredelemnul
Zin
The Shining One


Innate Abilities, Weirdness & Mutations

You are resistant to damage.
You can recharge devices by infusing magical energy.
You passively map a small area around you.
You do not regenerate naturally.


Message History

Before your eyes, flesh is ripped from the corpse!
The dead are walking!
t - 8 chunks of flesh (gained 3)
You swap places.
Things that are here:
a trident; an orc corpse Magic restored.
e - 5 potions of curing (gained 2)
Found a stone staircase leading down.
Your jackal skeleton crumbles into dust!
You swap places.
An ice beast comes into view.
An ice beast is nearby!
An ogre comes into view. It is wielding a giant club.
Found 15 bolts.
You swap places.
The ogre hits you with a giant club!!
* * * LOW HITPOINT WARNING * * *
You closely miss the ogre. The ogre hits you with a giant club!!
You die...
Kikubaaqudgha rasps: "You have failed me!
Welcome... death!"

##### #.(.# #...#
#...# #...# #..Y#
#..O### ########
#...@Z# .......#
#...#..# >......#
##.###.# .......####
#.# ..#
.....ZZ...####.####.#
.......##........#*.#
##.###########.#....#
* #..# #.###....,
##.# #.# ..#


You could see an ice beast, an ogre and a friendly jackal skeleton.

Vanquished Creatures
  Sigmund (D:6)
  Eustachio (D:4)
  The ghost of dvd the Chopper, an amateur HOGl (Sewer)
  An ice beast (D:3)
  A phantom (D:5)
  5 ogres
  2 centaurs (D:5)
  2 big kobolds (Sewer)
  A howler monkey (D:4)
  A crimson imp (D:5)
  A hound (D:5)
  A jelly (D:5)
  2 orc wizards
  A worker ant (D:4)
  A hound skeleton (D:5)
  A mummy (D:5)
  Robin (D:2)
  4 adders
  A shadow imp (D:5)
  3 oozes
  2 dart slugs (D:1)
  3 giant geckos
  13 orcs
  6 giant cockroaches
  14 goblins
  9 hobgoblins
  6 jackals
  15 kobolds
  7 ball pythons
  2 bats
  4 giant newts
  A kobold zombie (D:5)
  3 orc zombies (D:5)
  3 rats
120 creatures vanquished.

Vanquished Creatures (collateral kills)
  A dart slug (D:1)
  A giant cockroach (D:5)
  3 goblins
  A jackal (D:1)
  2 kobolds (Sewer)
8 creatures vanquished.

Vanquished Creatures (others)
  A goblin (D:2)
1 creature vanquished.

Grand Total: 129 creatures vanquished

Notes
Turn   | Place    | Note
--------------------------------------------------------------
     0 | D:1      | Stormphoenix the Deep Dwarf Necromancer began the quest for the Orb.
     0 | D:1      | Reached XP level 1. HP: 15/15 MP: 3/3
     2 | D:1      | Learned a level 1 spell: Animate Skeleton
   196 | D:1      | Reached XP level 2. HP: 20/22 MP: 1/5
   634 | D:2      | Found a shattered altar of Ashenzari.
   647 | D:2      | Noticed Robin
   674 | D:2      | Reached XP level 3. HP: 14/28 MP: 3/7
   695 | D:2      | Killed Robin
  1145 | D:2      | You fall through a shaft!
  1153 | D:3      | Reached XP level 4. HP: 18/36 MP: 9/9
  1591 | D:3      | Reached skill level 5 in Necromancy
  1637 | D:3      | Noticed an ice beast
  1649 | D:3      | Killed an ice beast
  1649 | D:3      | Reached XP level 5. HP: 25/42 MP: 1/10
  1654 | D:3      | Learned a level 3 spell: Vampiric Draining
  1829 | D:4      | Found a staircase to the Ecumenical Temple.
  1838 | Temple   | Entered the Ecumenical Temple
  1869 | Temple   | Became a worshipper of Kikubaaqudgha
  2058 | D:4      | Got a steaming long sword
  2059 | D:4      | Identified the +6 long sword "Yhuta" {venom, rPois rC+ rN+ Str+4} (You found it on level 4 of the Dungeon)
  2069 | D:4      | Reached skill level 1 in Long Blades
  2069 | D:4      | Reached XP level 6. HP: 49/49 MP: 11/11
  2150 | D:4      | Reached skill level 2 in Long Blades
  2220 | D:4      | Noticed Eustachio
  2245 | D:4      | Killed Eustachio
  2245 | D:4      | Reached skill level 4 in Long Blades
  2592 | D:4      | Found a glowing silver altar of Zin.
  2680 | D:5      | Entered Level 5 of the Dungeon
  2698 | D:5      | Found a glowing drain.
  2703 | D:5      | Reached XP level 7. HP: 12/55 MP: 12/12
  2713 | D:5      | Reached skill level 5 in Long Blades
  2747 | Sewer    | Entered a sewer
  2787 | Sewer    | Reached * piety under Kikubaaqudgha
  2787 | Sewer    | Received a gift from Kikubaaqudgha
  2796 | Sewer    | Identified Kikubaaqudgha's Grimoire of Dark Magic (Kikubaaqudgha gifted it to you in a sewer)
  2797 | Sewer    | Noticed dvd's ghost (amateur HOGl)
  2808 | Sewer    | Killed dvd's ghost
  2808 | Sewer    | Reached skill level 6 in Long Blades
  3069 | D:5      | Reached XP level 8. HP: 62/62 MP: 7/12
  3072 | D:5      | Reached skill level 7 in Long Blades
  3354 | D:5      | Reached skill level 8 in Long Blades
  3445 | D:5      | Reached ** piety under Kikubaaqudgha
  3757 | D:6      | Noticed Sigmund
  3884 | D:6      | Reached skill level 9 in Long Blades
  3910 | D:6      | Killed Sigmund
  4002 | D:6      | Mangled by an ogre

Skill      XL: |  1  2  3  4  5  6  7  8 |
---------------+-------------------------+-----
Spellcasting   | 2 3 |  3.3
Necromancy     | 6 |  6.9
Long Blades    | 1 4 6 9 |  9.4
Dodging        | |  2.1
Stealth        | |  2.4

Action                   |  1- 3 |  4- 6 |  7- 9 || total
-------------------------+-------+-------+-------++-------
Melee: Whip              |   125 |    48 |       ||   173
       Long sword        |       |    28 |   149 ||   177
 Cast: Pain              |    14 |    23 |     7 ||    44
       Animate Skeleton  |     7 |     1 |     7 ||    15
       Vampiric Draining |       |     1 |     8 ||     9
 Abil: Device Recharging |       |       |     1 ||     1
Evoke: Wand              |     2 |     2 |     4 ||     8
  Use: Scroll            |     7 |     4 |     1 ||    12
       Potion            |     2 |     4 |       ||     6
 Stab: Sleeping          |     5 |     2 |     5 ||    12
  Eat: Chunk             |     1 |       |     4 ||     5
       Meat ration       |     1 |       |       ||     1
       Fruit             |       |     1 |       ||     1
       Beef jerky        |       |       |     1 ||     1
Armor: Robe              |    33 |    28 |    36 ||    97
Dodge: Dodged            |    65 |    65 |    79 ||   209
Block: Buckler           |    13 |    22 |    24 ||    59
